 Dungeon Crawl Stone Soup version 0.31-a0-210-gccc998df9b (webtiles) character file.

Game seed: 14339532247760938202

1463 qw the Cleaver (level 8, 0/50 HPs)
             Began as a Gargoyle Fighter on June 29, 2023.
             Was a Follower of Okawaru.
             Slain by a wight
             ... wielding a +0 scimitar
              (10 damage)
             ... on level 6 of the Dungeon.
             The game lasted 00:01:53 (4472 turns).

qw the Cleaver (Gargoyle Fighter)                   Turns: 4472, Time: 00:01:53

Health: 0/50       AC: 17    Str: 23    XL:     8   Next: 77%
Magic:  9/11       EV: 10    Int:  8    God:    Okawaru [*.....]
Gold:   252        SH:  5    Dex:  9    Spells: 7/7 levels left

rFire   . . .        Y - +1 war axe
rCold   . . .        c - +0 buckler
rNeg    + . .        n - +0 chain mail
rPois   inf          (no helmet)
rElec   +            (no cloak)
rCorr   .            (no gloves)
SInv    .            e - +0 pair of boots
Will    .....        (no amulet) Stlth
                     (no ring)
HPRegen 0.28/turn    (no ring)
MPRegen 0.12/turn

%: no passive effects
@: heroic
A: sickness immunity, AC +5, negative energy resistance 1, electricity
resistance, torment resistance 1, petrification resistance
a: Renounce Religion, Heroism


You were on level 6 of the Dungeon.
You worshipped Okawaru.
Okawaru was aware of your devotion.
You visited 2 branches of the dungeon, and saw 7 of its levels.

You collected 252 gold pieces.


Innate Abilities, Weirdness & Mutations

You are immune to sickness and miasma.
Your stone body is resilient. (AC +5)
You are immune to poison.
You resist negative energy. (rN+)
You are resistant to electric shocks. (rElec)
You are resistant to unholy torment.
You are immune to petrification.


   Skills:
 + Level 5.6(10.6) Fighting
 - Level 8.0(13.0) Axes
 - Level 1.2(6.2) Throwing
 - Level 3.2(8.2) Armour
 - Level 1.1(6.1) Dodging
 - Level 3.2(8.2) Shields
 - Level 4.1 Invocations


You had 7 spell levels left.
You didn't know any spells.
Your spell library was empty.

Inventory:

Hand Weapons
 f - a +0 mace
 Y - a +1 war axe (weapon)
Missiles
 l - 3 boomerangs (quivered)
Armour
 c - a +0 buckler (worn)
 e - a +0 pair of boots (worn)
 n - a +0 chain mail (worn)
Scrolls
 m - a scroll of identify
Potions
 b - a potion of magic
 d - a potion of might
 g - a potion of curing
 i - a potion of brilliance {unknown}
 j - a potion of attraction {unknown}
 k - 2 potions of lignification

Dungeon Overview and Level Annotations

Branches:
Dungeon (6/15)             Temple (1/1) D:4

Altars:
Dithmenos
Elyvilon
Gozag
Hepliaklqana
Kikubaaqudgha
Nemelex Xobeh
Okawaru
Ru
Sif Muna
Trog
Uskayaw
Vehumet
Wu Jian
Xom
Zin

Shops:
D:4 :


Message History

You block the wight's attack.
You slash the wight!
You destroy the wight!
Okawaru accepts your kill.
You hit the wight.
The wight hits you with a +2 halberd of freezing.
The wight freezes you.
You hit the wight but do no damage.
The wight is moderately damaged.
You slash the wight!
The wight is severely damaged.
You hit the wight but do no damage.
The wight hits you with a +2 halberd of freezing!
The wight freezes you. The wight barely misses you.
4466 ||| INVOKING Heroism.
You gain the combat prowess of a mighty hero.
The wight closely misses you. The wight hits you with a +0 scimitar.
You slash the wight!
You destroy the wight!
Okawaru accepts your kill.
You closely miss the wight.
Your base Axes skill increases to level 8!
You closely miss the wight. The wight hits you but does no damage.
You hit the wight but do no damage. You slash the sky beast!
The sky beast hits you. The sky beast shocks you. You resist.
The wight hits you with a +0 scimitar!
You slice the sky beast!!
The sky beast is almost dead.
You closely miss the wight. The sky beast hits you. The sky beast shocks you.
You resist. The wight closely misses you.
You slash the sky beast!
You kill the sky beast!
Okawaru accepts your kill.
You closely miss the wight. You slash the wight!
The wight is heavily damaged.
The wight hits you with a +0 scimitar!
You die...

###................
#.........#........
......#.####.#.########
##.##.#....#.#.#<.....#
. #.##.#.#.######.#
####.#.#.# #.#
#..#.#.######.#
#.##.#........#
#@##.##########
....z.zz......#
......#.##.##.#
......#.( .# ..... '..
# ..... ###. .... #
....


You could see 3 wights.

Vanquished Creatures
  Eustachio (D:5)
  2 black bears (D:5)
  2 sky beasts (D:6)
  2 centaurs (D:5)
  A bullfrog (D:4)
  2 scorpions (D:5)
  2 wights (D:6)
  An orc priest (D:5)
  4 hounds
  2 jellies
  2 sleepcaps
  2 iguanas (D:4)
  2 orc wizards (D:5)
  A gnoll (D:5)
  4 adders
  3 worms
  13 orcs
  6 endoplasms
  4 giant cockroaches
  5 hobgoblins
  3 kobolds
  3 quokkas
  4 ball pythons
  3 bats (D:1)
  A frilled lizard (D:2)
  7 goblins
  3 rats
85 creatures vanquished.

Vanquished Creatures (others)
  An orc priest (D:5)
1 creature vanquished.

Grand Total: 86 creatures vanquished

Notes
Turn   | Place    | Note
-------+----------+-------------------------------------------
     0 | D:1      | qw the Gargoyle Fighter began the quest for the Orb.
     0 | D:1      | Reached XP level 1. HP: 14/14 MP: 1/1
     0 | D:1      | 0 ||| qw: Version: 0.3-a-24-ga2abf7b
     0 | D:1      | 0 ||| qw: Game counter: 6967
     0 | D:1      | 0 ||| qw: Melee chars always use a shield: true
     0 | D:1      | 0 ||| qw: God list: Okawaru
     0 | D:1      | 0 ||| qw: Allow faded altars: false
     0 | D:1      | 0 ||| qw: Do Orc after clearing Dungeon:15 true
     0 | D:1      | 0 ||| qw: Do second Lair branch before Depths: true
     0 | D:1      | 0 ||| qw: Lair rune preference: random
     0 | D:1      | 0 ||| qw: Goals: Normal, Zot:1-4, Slime:5, God:TSO, Crypt,
                  | Tomb, Abyss, Pan, Hells, Win
     0 | D:1      | 0 ||| PLANNING D:1-11
    27 | D:1      | Reached skill level 2 in Axes
   237 | D:1      | Reached XP level 2. HP: 19/19 MP: 2/2
   789 | D:1      | 789 ||| READING scroll labelled FIESYO ZILUFY.
   790 | D:1      | 790 ||| READING scroll labelled FAQOMI IXOISCH.
   791 | D:1      | 791 ||| READING scroll labelled WUB WARCHOYGOEB.
   792 | D:1      | 792 ||| READING scroll labelled JYGANUMIVOO.
   793 | D:1      | 793 ||| DRINKING 2 green potions.
   794 | D:1      | 794 ||| DRINKING 2 black potions.
   886 | D:2      | 886 ||| Stepping ~*~*~tactically~*~*~ (hiding).
   887 | D:2      | 887 ||| Stepping ~*~*~tactically~*~*~ (hiding).
   888 | D:2      | 888 ||| Stepping ~*~*~tactically~*~*~ (hiding).
   890 | D:2      | 890 ||| Stepping ~*~*~tactically~*~*~ (hiding).
   891 | D:2      | 891 ||| Stepping ~*~*~tactically~*~*~ (hiding).
   892 | D:2      | 892 ||| Stepping ~*~*~tactically~*~*~ (hiding).
   901 | D:2      | 901 ||| Stepping ~*~*~tactically~*~*~ (stealth).
   929 | D:2      | 929 ||| Stepping ~*~*~tactically~*~*~ (stealth).
   938 | D:2      | 938 ||| Stepping ~*~*~tactically~*~*~ (stealth).
   942 | D:2      | 942 ||| Stepping ~*~*~tactically~*~*~ (stealth).
   946 | D:2      | Reached skill level 3 in Axes
  1053 | D:2      | Found a faded altar of an unknown god.
  1065 | D:2      | Reached XP level 3. HP: 22/23 MP: 3/3
  1633 | D:2      | HP: 1/23 [worm (7)]
  1764 | D:2      | 1764 ||| READING scroll labelled PIGINOJAJ.
  1765 | D:2      | 1765 ||| READING scroll labelled ACUTAO YLYHUDGH.
  1766 | D:2      | 1766 ||| READING scroll labelled ZOMU ZAEFIH.
  1767 | D:2      | 1767 ||| READING 2 scrolls labelled TEUQUZXASOGID.
  1768 | D:2      | 1768 ||| DRINKING 2 viscous blue potions.
  1873 | D:2      | 1873 ||| DROPPING scroll of poison.
  1874 | D:2      | 1874 ||| DROPPING potion of berserk rage.
  2123 | D:3      | Reached skill level 4 in Axes
  2123 | D:3      | Reached XP level 4. HP: 28/28 MP: 4/4
  2590 | D:3      | 2590 ||| UPGRADING to +0 pair of boots.
  2635 | D:4      | Found a shimmering blue altar of Sif Muna.
  2635 | D:4      | Noticed a bullfrog
  2640 | D:4      | Killed a bullfrog
  2641 | D:4      | Reached XP level 5. HP: 32/32 MP: 5/5
  2676 | D:4      | 2676 ||| Stepping ~*~*~tactically~*~*~ (stealth).
  2687 | D:4      | Found a staircase to the Ecumenical Temple.
  2688 | D:4      | 2688 ||| PLANNING TEMPLE
  2701 | D:4      | Reached skill level 5 in Axes
  2710 | D:4      | 2710 ||| Stepping ~*~*~tactically~*~*~ (stealth).
  2713 | Temple   | Entered the Ecumenical Temple
  2714 | Temple   | 2714 ||| PLANNING OKAWARU WORSHIP
  2756 | Temple   | Became a worshipper of Warmaster Okawaru
  2757 | Temple   | 2757 ||| PLANNING D:1-11
  2765 | D:4      | 2765 ||| Stepping ~*~*~tactically~*~*~ (stealth).
  2771 | D:4      | 2771 ||| Stepping ~*~*~tactically~*~*~ (water).
  2791 | D:4      | 2791 ||| Stepping ~*~*~tactically~*~*~ (stealth).
  2794 | D:4      | 2794 ||| Stepping ~*~*~tactically~*~*~ (stealth).
  2796 | D:4      | 2796 ||| Stepping ~*~*~tactically~*~*~ (stealth).
  2864 | D:4      | Reached skill level 1 in Dodging
  2864 | D:4      | Reached XP level 6. HP: 34/38 MP: 6/6
  2919 | D:4      | Found Isoorr's Vocational Training.
  2956 | D:4      | 2956 ||| Stepping ~*~*~tactically~*~*~ (hiding).
  3081 | D:4      | Found an opulent altar of Gozag.
  3418 | D:4      | 3418 ||| DROPPING +1 leather armour of cold resistance.
  3419 | D:4      | 3419 ||| UPGRADING to +0 chain mail.
  3429 | D:4      | 3429 ||| DROPPING +0 scale mail.
  3430 | D:4      | 3430 ||| READING scroll labelled RAETZE BIVVOT.
  3461 | D:4      | 3461 ||| READING scroll labelled FAELUIDAYPP.
  3506 | D:5      | Entered Level 5 of the Dungeon
  3571 | D:5      | Reached * piety under Okawaru
  3572 | D:5      | Reached skill level 6 in Axes
  3572 | D:5      | Reached XP level 7. HP: 23/43 MP: 7/7
  3695 | D:5      | Noticed Eustachio
  3696 | D:5      | 3696 ||| Stepping ~*~*~tactically~*~*~ (hiding).
  3703 | D:5      | 3703 ||| INVOKING Heroism.
  3727 | D:5      | Killed Eustachio
  3783 | D:5      | Found a bloodstained altar of Trog.
  3784 | D:5      | 3784 ||| INVOKING Heroism.
  3789 | D:5      | Reached skill level 7 in Axes
  3789 | D:5      | Reached skill level 1 in Invocations
  3826 | D:5      | 3826 ||| Stepping ~*~*~tactically~*~*~ (stealth).
  3827 | D:5      | 3827 ||| Stepping ~*~*~tactically~*~*~ (stealth).
  3830 | D:5      | 3830 ||| Stepping ~*~*~tactically~*~*~ (stealth).
  3831 | D:5      | 3831 ||| Stepping ~*~*~tactically~*~*~ (stealth).
  3833 | D:5      | 3833 ||| Stepping ~*~*~tactically~*~*~ (stealth).
  3835 | D:5      | 3835 ||| Stepping ~*~*~tactically~*~*~ (stealth).
  3836 | D:5      | 3836 ||| Stepping ~*~*~tactically~*~*~ (stealth).
  3837 | D:5      | 3837 ||| Stepping ~*~*~tactically~*~*~ (stealth).
  3839 | D:5      | 3839 ||| INVOKING Heroism.
  3936 | D:5      | 3936 ||| Stepping ~*~*~tactically~*~*~ (hiding).
  3941 | D:5      | Reached XP level 8. HP: 48/48 MP: 8/10
  3946 | D:5      | Reached skill level 3 in Invocations
  4008 | D:5      | 4008 ||| INVOKING Heroism.
  4021 | D:5      | Reached skill level 1 in Throwing
  4322 | D:5      | 4322 ||| READING scroll labelled LOQOMP MA DOEDO.
  4327 | D:5      | 4327 ||| DRINKING 2 fuming golden potions.
  4328 | D:5      | 4328 ||| DRINKING 2 potions of curing.
  4328 | D:5      | 4328 ||| (to cure confusion)
  4329 | D:5      | 4329 ||| READING 2 scrolls of identify.
  4329 | D:5      | 4329 ||| IDENTIFYING grey potion
  4330 | D:5      | 4330 ||| DROPPING potion of ambrosia.
  4375 | D:6      | 4375 ||| INVOKING Heroism.
  4453 | D:6      | 4453 ||| Stepping ~*~*~tactically~*~*~ (stealth).
  4456 | D:6      | 4456 ||| Stepping ~*~*~tactically~*~*~ (hiding).
  4466 | D:6      | 4466 ||| INVOKING Heroism.
  4468 | D:6      | Reached skill level 8 in Axes
  4469 | D:6      | HP: 12/49 [wight/+0 scimitar (7)]
  4472 | D:6      | Slain by a wight

Levels and vault maps discovered:
D:1:      dpeg_arrival_oval, layout_loops_ring
D:2:      layout_basic, nicolae_ecumenical_snake_handling
D:3:      layout_loops_ring
D:4:      layout_loops_ring, nicolae_sif_muna_condensation,
          nicolae_gozag_seed_capital, minmay_temple_entry_water_ring,
          nicolae_shop_vocational
D:5:      layout_loops_cross, trog_ov_bears_minmay, minmay_manual_moon,
          uniq_eustachio
D:6:      layout_basic, cheibrodos_worm_habitat,
          mainiacjoe_overflow_six_doors_small, serial_undead, serial_undead_c,
          serial_undead_e, serial_undead_a, serial_undead_a,
          hellmonk_bongcloud_opening
Temple:   nicolae_temple_ecumenical_triangle

Skill      XL: |  1  2  3  4  5  6  7  8 |
---------------+-------------------------+-----
Axes           | 2 3 4 5 6 7 8 |  8.0
Fighting       | 4 5 |  5.6
Dodging        | 1 |  1.1
Invocations    | 2 4 |  4.1
Throwing       | 1 |  1.2
Armour         | |  3.2
Shields        | |  3.2

Action                     |  1- 3 |  4- 6 |  7- 9 || total
---------------------------+-------+-------+-------++-------
  Melee: War axe           |    94 |    82 |    93 ||   269
  Throw: Boomerang         |    11 |    46 |    15 ||    72
 Invoke: Heroism           |       |       |     6 ||     6
    Use: Scroll            |     8 |     2 |     2 ||    12
         Potion            |     3 |       |     2 ||     5
 Armour: Scale mail        |    46 |    30 |       ||    76
         Chain mail        |       |    13 |    83 ||    96
  Dodge: Dodged            |    38 |    29 |    44 ||   111
  Block: Buckler           |    24 |    19 |    24 ||    67

Table legend:
 A = Non-vault XP
 B = Vault XP
 C = Vault XP percentage of total XP
 D = Non-vault monster count
 E = Vault monster count
 F = Vault count percentage of total count
                 A         B        C        D         E       F
            +---------+---------+-------+---------+---------+-------
      Total |    1433 |     658 |  31.5 |      75 |      11 |  12.8
            +---------+---------+-------+---------+---------+-------
        D:1 |      20 |       0 |   0.0 |      13 |       0 |   0.0
        D:2 |      23 |      15 |  39.5 |      11 |       3 |  21.4
        D:3 |      66 |       0 |   0.0 |       7 |       0 |   0.0
        D:4 |     320 |       0 |   0.0 |      27 |       0 |   0.0
        D:5 |     553 |     643 |  53.8 |      12 |       8 |  40.0
        D:6 |     451 |       0 |   0.0 |       5 |       0 |   0.0
            +---------+---------+-------+---------+---------+-------
